 Dungeon Crawl Stone Soup version 0.24-a0-368-g0e0cebd (webtiles) character file.

Game seed: 3402443532770744480

49 Camillus the Skirmisher (level 3, -6/34 HPs)
             Began as a Minotaur Berserker on May 29, 2019.
             Was a Follower of Trog.
             Mangled by an orc warrior
             ... wielding a +0 short sword
              (20 damage)
             ... on level 2 of the Dungeon.
             The game lasted 00:05:10 (1122 turns).

Camillus the Skirmisher (Minotaur Berserker)        Turns: 1122, Time: 00:05:11

Health: -6/34      AC:  2    Str: 22    XL:     3   Next: 51%
Magic:  2/2        EV: 12    Int:  4    God:    Trog [*.....]
Gold:   85         SH:  0    Dex:  9    Spells: 2/2 levels left

rFire    . . .     SeeInvis .   a - +0 mace
rCold    . . .     Gourm    .   (no shield)
rNeg     . . .     Faith    .   b - +0 animal skin
rPois    .         Spirit   .   (helmet restricted)
rElec    .         Reflect  .   (no cloak)
rCorr    .         Harm     .   (no gloves)
MR       .....                  (no boots)
Stlth    +.........             (no amulet)
HPRegen  0.11/turn              (no ring)
MPRegen  0.08/turn              (no ring)

@: no status effects
A: retaliatory headbutt, horns 2
a: Berserk, Renounce Religion


You were on level 2 of the Dungeon.
You worshipped Trog.
Trog was aware of your devotion.
You were not hungry.

You visited 1 branch of the dungeon, and saw 2 of its levels.

You collected 85 gold pieces.

Inventory:

Hand Weapons
 a - a +0 mace (weapon)
 e - a +1 dagger of speed
Missiles
 n - 17 arrows
Armour
 b - a +0 animal skin (worn)
 j - a +0 pair of gloves
 k - a +0 pair of gloves
 m - a +0 ring mail
Scrolls
 f - a scroll of fear {unknown}
 g - 5 scrolls of identify {unknown}
 h - a scroll of enchant armour {unknown}
Potions
 d - a potion of brilliance {unknown}
 i - 2 potions of curing {unknown}
 l - 2 potions of heal wounds {unknown}
Comestibles
 c - 6 rations
 o - 2 chunks of flesh


   Skills:
 + Level 4.5 Fighting
 + Level 4.5 Maces & Flails
 + Level 2.6 Armour
 + Level 2.3 Dodging


You had 2 spell levels left.
You didn't know any spells.
Your spell library was empty.

Dungeon Overview and Level Annotations

Branches:
Dungeon (2/15)

Altars:


Innate Abilities, Weirdness & Mutations

You reflexively headbutt those who attack you in melee.
You have a pair of horns on your head.


Message History

Trog accepts your kill. The orc warrior misses you. You furiously retaliate!
You headbutt the orc warrior, but do no damage.
You closely miss the orc warrior. Your headbutt misses the orc warrior.
The orc warrior hits you with a +0 short sword!
You are too injured to fight recklessly!
You are too injured to fight recklessly!
You are too injured to fight recklessly!
You are too injured to fight recklessly!
You are too injured to fight recklessly!
You are too injured to fight recklessly!
You are too injured to fight recklessly!
You are too injured to fight recklessly!
You are too injured to fight recklessly!
You are too injured to fight recklessly!
You are too injured to fight recklessly!
You barely miss the orc warrior.
The orc warrior hits you with a +0 short sword!!
Ouch! That really hurt!
You die...

.#####.##.#
....#.....#
....#..####
....#..#
.>..#..###########
....'............#
....#..#########.#
.......# #.#
.......# #@#
.......## #...o..#
........# #..%##.#
.......## #... .#
.####..# #.. .. .#
#..# #.. ### .#
#..# ## .# #..# .#
#..#


You could see an orc warrior.

Vanquished Creatures
  An adder (D:2)
  3 leopard geckos
  3 giant cockroaches
  8 goblins
  3 hobgoblins (D:1)
  2 jackals (D:1)
  6 bats
  3 frilled lizards
  5 rats (D:1)
34 creatures vanquished.

Notes
Turn   | Place    | Note
-------+----------+-------------------------------------------
     0 | D:1      | Camillus the Minotaur Berserker began the quest for the
                  | Orb.
     0 | D:1      | Reached XP level 1. HP: 19/19 MP: 0/0
    42 | D:1      | Reached XP level 2. HP: 21/27 MP: 1/1
   799 | D:1      | Reached XP level 3. HP: 34/34 MP: 2/2
  1116 | D:2      | Noticed an orc warrior
  1122 | D:2      | Mangled by an orc warrior

Levels and vault maps discovered:
D:1:      erik_arrival_blinker_ship, layout_basic, minivault_5
D:2:      layout_basic, lemuel_doored_altar, first_ration, minmay_domino_2

Skill      XL: |  1 |
---------------+----+-----
Fighting       | 4 |  4.5
Maces & Flails | 4 |  4.5
Armour         | |  2.6
Dodging        | |  2.3

Action                   || total
-------------------------++-------
Melee: Mace              ||    77
       Headbutt          ||     8
 Stab: Sleeping          ||     1
  Eat: Chunk             ||     1
Armor: Animal skin       ||    22
Dodge: Dodged            ||    47

Table legend:
 A = Non-vault XP
 B = Vault XP
 C = Vault XP percentage of total XP
 D = Non-vault monster count
 E = Vault monster count
 F = Vault count percentage of total count
                 A         B        C        D         E       F
            +---------+---------+-------+---------+---------+-------
      Total |      67 |       3 |   4.3 |      33 |       1 |   2.9
            +---------+---------+-------+---------+---------+-------
        D:1 |      41 |       0 |   0.0 |      24 |       0 |   0.0
        D:2 |      26 |       3 |  10.3 |       9 |       1 |  10.0
            +---------+---------+-------+---------+---------+-------
